 Dungeon Crawl Stone Soup version 0.30-a0-718-geaa24f58ff (webtiles) character file.

Game seed: 5655516680536149797

222 ASSMAN the Caller (level 5, -6/35 HPs)
             Began as a Merfolk Summoner on Jan 26, 2023.
             Killed from afar by Ijyb (12 damage)
             ... with an iceblast
             ... on level 3 of the Dungeon.
             The game lasted 00:05:26 (1943 turns).

ASSMAN the Caller (Merfolk Summoner)                Turns: 1943, Time: 00:05:27

Health: -6/35      AC:  2    Str:  8      XL:     5   Next: 99%
Magic:  3/8        EV: 12    Int: 16      God:
Gold:   58         SH:  0    Dex: 13 (15) Spells: 4/8 levels left

rFire   . . .      SeeInvis .    d - +2 scythe (protect)
rCold   . . .      Faith    .    (shield currently unavailable)
rNeg    . . .      Spirit   .    a - +0 robe
rPois   .          Reflect  .    (no helmet)
rElec   .          Harm     .    (no cloak)
rCorr   .          Rampage  .    (no gloves)
Will    .....                    (no boots)
Stlth   ++                       (no amulet)
HPRegen 0.25/turn                (no ring)
MPRegen 0.11/turn                (no ring)

@: no status effects
A: (nimble swimmer 2), mertail
a: no special abilities


You were on level 3 of the Dungeon.
You visited 1 branch of the dungeon, and saw 3 of its levels.

You collected 58 gold pieces.

Inventory:

Hand Weapons
 d - a +2 scythe of protection (weapon)
Armour
 a - a +0 robe (worn)
Jewellery
 e - a ring of ice
 f - an amulet of reflection
Wands
 j - a wand of light (13)
Scrolls
 c - a scroll of torment {unknown}
 g - a scroll of noise {unknown}
 h - a scroll of fog {unknown}
 i - a scroll of enchant armour {unknown}
Potions
 b - a potion of magic
 k - a potion of haste
 l - a potion of invisibility {unknown}


   Skills:
 + Level 0.5 Polearms
 - Level 2.6 Dodging
 - Level 2.1 Stealth
 - Level 2.0 Spellcasting
 + Level 7.0 Summonings


You had 4 spell levels left.
You knew the following spells:

 Your Spells              Type           Power      Damage    Failure   Level
a - Summon Small Mammal   Summ           96%        N/A       1%          1
b - Call Canine Familiar  Summ           24%        N/A       3%          3

Your spell library contained the following spells:

 Spells                   Type           Power      Damage    Failure   Level
 Call Imp                 Summ           24%        N/A       1%          2
 Summon Guardian Golem    Hex/Summ       12%        N/A       14%         3
 Animate Armour           Summ/Erth      24%        N/A       43%         4
 Summon Lightning Spire   Summ/Air       12%        N/A       43%         4
 Blade Hands              Tmut           0%         N/A       99%         5
 Iron Shot                Conj/Erth      0%         9d1       100%        6


Dungeon Overview and Level Annotations

Branches:
Dungeon (3/15)

Altars:
Hepliaklqana

Annotations:
D:3 Grinder, Ijyb


Innate Abilities, Weirdness & Mutations

((You are very nimble when in or above water. (Stealth+, EV+, Speed+++)))
Your lower body shifts to a powerful aquatic tail in water.


Message History

You closely miss the frilled lizard. The frilled lizard bites you.
You hit Ijyb.
Your weapon exudes an aura of protection.
Ijyb is moderately wounded.
The frilled lizard closely misses you. Ijyb hits you with a +0 club.
You closely miss Ijyb.
Ijyb is moderately wounded.
The frilled lizard barely misses you. Ijyb closely misses you.
The frilled lizard closely misses you. Ijyb hits you with a +0 club.
Casting: Call Canine Familiar (dangerous; 3% risk of failure)
Confirm with . or Enter, or press ? or * to list all spells.
Ijyb hits you with a +0 club! The frilled lizard bites you.
Casting: Call Canine Familiar (dangerous; 3% risk of failure)
Confirm with . or Enter, or press ? or * to list all spells.
Your hound bites Ijyb but does no damage.
The frilled lizard bites you. Ijyb completely misses you.
Ijyb attacks as you move away! Ijyb hits you with a +0 club!
Your hound closely misses Ijyb.
Your hound misses the frilled lizard.
Your hound barely misses the frilled lizard.
Your quokka bites Ijyb but does no damage.
Found 9 gold pieces.
Your hound bites Ijyb.
Grinder says, "Just stop there for a second..."
Grinder gestures at you.
Your hound struggles to resist.
Your hound bites Grinder but does no damage.
Ijyb attacks as you move away! Ijyb hits you with a +0 club!
* * * LOW HITPOINT WARNING * * *
The frilled lizard attacks as you move away!
The frilled lizard bites you.
* * * LOW HITPOINT WARNING * * *
Your quokka closely misses Ijyb.
Your hound barely misses Grinder.
Grinder gestures at you.
Your hound suddenly stops moving!
The frilled lizard attacks as you move away!
The frilled lizard closely misses you.
Ijyb zaps a wand.
The mass of ice explodes!
The iceblast engulfs the frilled lizard!
The frilled lizard dies!
The iceblast engulfs you!
You die...

#......######...
#.............# .
#..........# ..
#..h.......## #..
#...........# #..
#..gr.....#+#
#..###.......+
###....†.#####.#+###
..$....@## ##....##
.###.##.# #..#..## #
#.. ##..#..# ##.#
##.##.### ..
#<##...# ..#
#..###.. #.#
###..###. .#
###.....##.
............


You could see Ijyb (strong, ally target), a friendly hound (summoned, paralysed)
and a friendly quokka (summoned).

Vanquished Creatures
  Sigmund (D:2)
  2 ball pythons
  2 endoplasms
  A giant cockroach (D:1)
  A hobgoblin (D:2)
  2 quokkas (D:2)
  2 bats
  3 frilled lizards
  A goblin (D:2)
  2 kobolds
  A rat (D:1)
18 creatures vanquished.

Vanquished Creatures (collateral kills)
  An adder (D:2)
  2 worms (D:2)
  2 endoplasms (D:1)
  A giant cockroach (D:1)
  3 goblins (D:1)
  2 hobgoblins (D:2)
  2 quokkas (D:2)
  6 ball pythons
  A bat (D:1)
  3 frilled lizards
  6 kobolds (D:2)
  5 rats
34 creatures vanquished.

Vanquished Creatures (others)
  A frilled lizard (D:3)
  6 plants (D:2)
7 creatures vanquished.

Grand Total: 59 creatures vanquished

Notes
Turn   | Place    | Note
-------+----------+-------------------------------------------
     0 | D:1      | ASSMAN the Merfolk Summoner began the quest for the Orb.
     0 | D:1      | Reached XP level 1. HP: 13/13 MP: 3/3
     0 | D:1      | Noticed a ghoul
     1 | D:1      | Noticed an ogre
     3 | D:1      | Noticed a tengu
     7 | D:1      | Noticed a spriggan
     8 | D:1      | Noticed a demonspawn
     9 | D:1      | Noticed an ogre
    11 | D:1      | Noticed a formicid
    11 | D:1      | Noticed a troll
    17 | D:1      | Noticed an octopode
    17 | D:1      | Noticed a vine stalker
    19 | D:1      | Noticed a minotaur
   251 | D:1      | Reached XP level 2. HP: 17/19 MP: 0/5
   737 | D:2      | Reached XP level 3. HP: 24/24 MP: 4/6
   764 | D:2      | Reached skill level 5 in Summonings
   793 | D:2      | Learned a level 3 spell: Call Canine Familiar
   857 | D:2      | HP: 1/24 [rat (2)]
  1228 | D:2      | Noticed Sigmund
  1272 | D:2      | Killed Sigmund
  1273 | D:2      | Reached skill level 6 in Summonings
  1273 | D:2      | Reached XP level 4. HP: 20/30 MP: 2/7
  1273 | D:2      | Reached XP level 5. HP: 23/35 MP: 2/8
  1637 | D:2      | Reached skill level 7 in Summonings
  1900 | D:3      | Found a hazy altar of Hepliaklqana.
  1925 | D:3      | Noticed Ijyb
  1931 | D:3      | Noticed Grinder
  1943 | D:3      | Killed from afar by Ijyb

Illustrated notes

Levels and vault maps discovered:
D:1:      shiori_arrival_whats_in_store_for_you, layout_basic
D:2:      layout_basic, corexii_hall_statues_deadend, lexackson_kobold_supper,
          uniq_sigmund
D:3:      layout_rooms, mainiacjoe_overflow_concentric_impassable, serial_shops,
          nicolae_shop_hallway_stairs, shop, shop, nicolae_shop_behind_doors,
          solitary_fountain, uniq_ijyb, uniq_terence, uniq_grinder

Skill      XL: |  1  2  3  4  5 |
---------------+----------------+-----
Summonings     | 6 7 |  7.0
Polearms       | |  0.5
Dodging        | |  2.6
Stealth        | |  2.1
Spellcasting   | |  2.0

Action                     |  1- 3 |  4- 6 || total
---------------------------+-------+-------++-------
  Melee: Unarmed           |   101 |       ||   101
         Halberd           |       |    22 ||    22
   Cast: Summon Small Mamm |    34 |     1 ||    35
         Call Canine Famil |     6 |     3 ||     9
    Use: Potion            |     4 |       ||     4
   Stab: Distracted        |     1 |       ||     1
 Armour: Robe              |    23 |     4 ||    27
  Dodge: Dodged            |   101 |    20 ||   121

Table legend: (Time is in decaauts)
 A = Elapsed time spent in this place.
 B = Non-inter-level travel time spent in this place.
 C = Inter-level travel time spent in this place.
 D = Time resting spent in this place.
 E = Time spent auto-exploring this place.
 F = Levels seen in this place.
 G = Mean time per level.
                   A        B        C        D        E       F      G
               +--------+--------+--------+--------+--------+-----+--------+
         Total |   1952 |   1912 |     40 |    194 |   1288 |   3 |  650.7 |
       Dungeon |   1952 |   1912 |     40 |    194 |   1288 |   3 |  650.7 |
               +--------+--------+--------+--------+--------+-----+--------+

Top non-repeatable levels by time:
     D:2: 1169 daAuts
     D:1: 734 daAuts
     D:3: 49 daAuts
